 Dungeon Crawl Stone Soup version 0.30-a0-1066-g63dfefce0d (webtiles) character file.

Game seed: 3241242913715237288

77 BlueFish the Trooper (level 4, -5/31 HPs)
             Began as an Octopode Fighter on Apr 12, 2023.
             Slain by Jessica
             ... wielding a +7 club
              (11 damage)
             ... on level 3 of the Dungeon.
             The game lasted 00:02:56 (1550 turns).

BlueFish the Trooper (Octopode Fighter)             Turns: 1550, Time: 00:02:56

Health: -5/31      AC:  8    Str: 17    XL:     4   Next: 34%
Magic:  4/4        EV: 10    Int: 16    God:
Gold:   122        SH:  4    Dex: 11    Spells: 3/3 levels left

rFire   + . .      SeeInvis .    a - +0 short sword (protect)
rCold   . . .      Faith    .    e - +0 buckler
rNeg    . . .      Spirit   .    (helmet restricted)
rPois   .          Reflect  .    (no amulet)
rElec   .          Rampage  .    q - ring of protection from fire
rCorr   .                        r - +6 ring of intelligence
Will    .....                    (no ring)
Stlth   +++                      (no ring)
HPRegen 0.25/turn                (no ring)
MPRegen 0.09/turn                (no ring)
                                 (no ring)
                                 (no ring)

@: mighty, grasped by roots, under a protective aura, constricted
A: almost no armour, amphibious, 8 rings, camouflage 1, gelatinous body 1,
(nimble swimmer 1), tentacles
a: no special abilities


You were on level 3 of the Dungeon.
You visited 1 branch of the dungeon, and saw 3 of its levels.

You collected 122 gold pieces.

Inventory:

Hand Weapons
 a - a +0 short sword of protection (weapon)
 b - a +0 sling
 i - a +0 flail
Missiles
 d - 7 boomerangs (quivered)
 f - 39 stones
Armour
 e - a +0 buckler (worn)
Jewellery
 q - a ring of protection from fire (left tentacle)
 r - a +6 ring of intelligence (right tentacle)
Wands
 t - a wand of paralysis (7)
Scrolls
 g - a scroll of poison {unknown}
 h - 3 scrolls of teleportation {unknown}
 j - a scroll of silence {unknown}
 k - a scroll of amnesia {unknown}
 l - a scroll of enchant armour {unknown}
 m - a scroll of fog {unknown}
 n - 2 scrolls of fear {unknown}
 p - 2 scrolls of identify {unknown}
Potions
 o - a potion of mutation {unknown}
 s - a potion of lignification {unknown}


   Skills:
 + Level 3.3 Fighting
 + Level 0.7 Short Blades
 - Level 2.2 Maces & Flails
 + Level 0.7 Ranged Weapons
 + Level 3.3 Dodging
 * Level 3.0 Stealth
 + Level 3.3 Shields


You had 3 spell levels left.
You didn't know any spells.
Your spell library contained the following spells:

 Spells                   Type           Power      Damage    Failure   Level
 Call Canine Familiar     Summ           0%         N/A       69%         3
 Portal Projectile        Hex/Tloc       0%         N/A       69%         3
 Leda's Liquefaction      Hex/Erth       0%         N/A       97%         4


Dungeon Overview and Level Annotations

Branches:
Dungeon (3/15)

Altars:

Shops:
D:2 :

Annotations:
D:2 1 runed translucent door, Crazy Yiuf, Sigmund
D:3 Jessica


Innate Abilities, Weirdness & Mutations

You cannot wear most types of armour.
You are amphibious.
You can wear up to eight rings at the same time.
Your skin changes colour to match your surroundings (Stealth+).
Your rubbery body absorbs attacks. (AC +1, EV +1)
((You are camouflaged when in or above water. (Stealth+)))
You have tentacles for arms and can constrict up to eight enemies at once.


Message History

Jessica is unaffected.
The grasping roots constrict you.
You barely miss the giant cockroach. Your grab misses the giant cockroach.
The giant cockroach bites you but does no damage.
The grasping roots constrict you. You block the giant cockroach's attack.
You hit the giant cockroach. You grab the giant cockroach.
You squeeze the giant cockroach, but do no damage.
The giant cockroach is heavily wounded.
You constrict the giant cockroach.
You kill the giant cockroach!
The grasping roots constrict you. Jessica completely misses you.
The grasping roots constrict you.
You closely miss Jessica. Your grab misses Jessica.
The quokka completely misses you. Jessica casts a spell at you.
You resist with some effort. The grasping roots constrict you.
The quokka closely misses you.
The grasping roots release their grip on you.
You hit Jessica. You grab Jessica.
Jessica is moderately wounded.
You constrict Jessica.
Jessica points at you and mumbles some strange words.
Pain shoots through your body! The quokka barely misses you.
Jessica zaps a wand.
The roots erupt in riotous growth!
The grasping roots grab you!
Jessica is unaffected.
The quokka is unaffected.
The grasping roots constrict you.
You hit the quokka. You grab the quokka. You squeeze the quokka.
You kill the quokka!
You constrict Jessica.
Jessica mumbles something strange.
Jessica gestures at you while chanting. Pain shoots through your body!
* * * LOW HITPOINT WARNING * * *
The grasping roots constrict you.
* * * LOW HITPOINT WARNING * * *
You feel very mighty all of a sudden.
You constrict Jessica.
Jessica looks very angry.
Jessica hits you with a +7 club!
You die...

................########
.......................#
#......................#
..##....................
#....................
........#..............
.........#..............
........................
......#......###@@#.....
......#.....## ##g..####
.....#.....# r....# .<
......# .###... ......
.. .# ... .. # ... .##


You could see Jessica (fast), a quokka and a hobgoblin.

Vanquished Creatures
  2 adders (D:2)
  2 dart slugs (D:1)
  6 ball pythons
  7 bats
  3 endoplasms
  4 giant cockroaches
  3 hobgoblins
  3 jackals (D:1)
  5 quokkas
  2 frilled lizards
  3 goblins
  5 kobolds
  4 rats
49 creatures vanquished.

Notes
Turn   | Place    | Note
-------+----------+-------------------------------------------
     0 | D:1      | BlueFish the Octopode Fighter began the quest for the Orb.
     0 | D:1      | Reached XP level 1. HP: 16/16 MP: 1/1
    41 | D:1      | Reached skill level 1 in Stealth
    92 | D:1      | Reached XP level 2. HP: 14/21 MP: 2/2
   333 | D:1      | Reached XP level 3. HP: 26/26 MP: 3/3
   578 | D:2      | Found Jidum's Book Boutique.
  1041 | D:2      | Reached XP level 4. HP: 26/31 MP: 4/4
  1365 | D:2      | Found a runed translucent door.
  1366 | D:2      | Noticed Crazy Yiuf
  1415 | D:2      | Noticed Sigmund
  1539 | D:3      | Noticed Jessica
  1550 | D:3      | Slain by Jessica

Illustrated notes

Levels and vault maps discovered:
D:1:      lightli_arrival_maybe_door_vault, layout_basic
D:2:      layout_basic, serial_shops, nicolae_diamond_shop, corner_web_ring,
          uniq_crazy_yiuf_cottage, uniq_sigmund
D:3:      layout_basic, minitemple, minmay_three_crescents, uniq_ijyb,
          uniq_jessica

Skill      XL: |  1  2  3 |
---------------+----------+-----
Stealth        | 1 2 3 |  3.0
Fighting       | |  3.3
Short Blades   | |  0.7
Maces & Flails | |  2.2
Ranged Weapons | |  0.7
Dodging        | |  3.3
Shields        | |  3.3

Action                     |  1- 3 |  4- 6 || total
---------------------------+-------+-------++-------
  Melee: Flail             |    36 |       ||    36
         Constrict         |    12 |     4 ||    16
         Tentacles         |     7 |     3 ||    10
         Short sword       |     4 |     7 ||    11
   Fire: Sling             |    35 |    11 ||    46
    Use: Potion            |       |     1 ||     1
   Stab: Sleeping          |     1 |       ||     1
 Armour: Skin              |     5 |     1 ||     6
  Dodge: Dodged            |    46 |     5 ||    51
  Block: Buckler           |     8 |     2 ||    10

Table legend: (Time is in decaauts)
 A = Elapsed time spent in this place.
 B = Non-inter-level travel time spent in this place.
 C = Inter-level travel time spent in this place.
 D = Time resting spent in this place.
 E = Time spent auto-exploring this place.
 F = Levels seen in this place.
 G = Mean time per level.
                   A        B        C        D        E       F      G
               +--------+--------+--------+--------+--------+-----+--------+
         Total |   1570 |   1491 |     79 |      0 |   1235 |   3 |  523.3 |
       Dungeon |   1570 |   1491 |     79 |      0 |   1235 |   3 |  523.3 |
               +--------+--------+--------+--------+--------+-----+--------+

Top non-repeatable levels by time:
     D:2: 926 daAuts
     D:1: 594 daAuts
     D:3: 49 daAuts
